Map: Blackburn LE

Players

Nice - Winner!

  • Race: Protoss Protoss

Has

  • Race: Protoss Protoss

VOD

Have the link to the VOD?

Description

Time

  • Played on: Oct. 3, 2021, 9:07 a.m.
  • Length: 19:11
Show
View Real Time Build Order
Export as new Build Order

Nice Protoss - Winner!

Build Orders:  

Get SALT Encoding   

  12  0:00  Probe  
  13  0:12  Probe  
  14  0:19  Pylon  
  14  0:24  Probe  
  15  0:37  Probe (Chrono Boost)  
  15  0:38  Gateway  
  16  0:48  Assimilator, Probe (Chrono Boost)  
  17  0:53  Probe (Chrono Boost)  
  18  1:04  Probe  
  19  1:16  Probe  
  20  1:21  Assimilator  
  20  1:24  Pylon  
  20  1:25  Cybernetics Core  
  20  1:26  Zealot  
  20  1:29  Probe (Chrono Boost)  
  23  1:41  Probe (Chrono Boost)  
  24  1:50  Probe  
  25  2:01  Stalker (Chrono Boost)  
  25  2:02  Probe, Warp Gate  
  28  2:11  Shield Battery  
  28  2:12  Pylon  
  28  2:14  Probe  
  29  2:22  Stalker (Chrono Boost)  
  31  2:43  Gateway  
  30  2:47  Robotics Facility  
  30  2:51  Stalker  
  32  3:06  Gateway  
  32  3:09  Pylon  
  32  3:24  Shield Battery  
  32  3:27  Stalker  
  32  3:31  Warp Prism (Chrono Boost)  
  36  3:36  Pylon  
  35  4:00  Observer  
  36  4:04  Stalker x3  
  42  4:11  Pylon  
  42  4:30  Stalker x3  
  48  4:54  Stalker x3  
  40  5:23  Stalker x3  
  40  5:28  Immortal (Chrono Boost)  
  50  5:50  Stalker x2  
  50  5:54  Pylon  
  54  6:02  Twilight Council  
  54  6:17  Stalker x2  
  58  6:25  Stalker  
  60  6:46  Stalker  
  61  6:57  Blink (Chrono Boost)  
  61  7:10  Observer  
  61  7:13  Nexus  
  61  7:15  Probe  
  62  7:27  Pylon  
  62  7:28  Probe  
  63  7:43  Pylon  
  63  7:45  Probe  
  64  7:58  Stalker x2  
  66  8:02  Stalker  
  70  8:10  Probe  
  70  8:14  Observer  
  71  8:21  Shield Battery  
  71  8:23  Pylon  
  71  8:35  Adept x2  
  71  8:40  Sentry  
  77  8:44  Observer  
  77  8:46  Probe x2  
  69  8:52  Observer  
  70  8:58  Probe  
  70  8:59  Sentry  
  70  9:02  Probe  
  74  9:03  Sentry  
  76  9:10  Probe  
  76  9:14  Probe  
  78  9:19  Observer  
  78  9:21  Assimilator  
  78  9:22  Probe  
  79  9:25  Assimilator  
  79  9:26  Probe  
  80  9:34  Adept x2  
  80  9:36  Stalker  
  80  9:38  Probe  
  87  9:39  Probe  
  87  9:44  Observer  
  88  9:51  Forge  
  88  10:00  Adept x2  
  88  10:02  Stalker  
  94  10:16  Immortal (Chrono Boost)  
  94  10:17  Protoss Ground Weapons Level 1 (Chrono Boost)  
  94  10:36  Stalker x3  
  100  10:47  Observer (Chrono Boost)  
  96  11:01  Sentry  
  96  11:02  Stalker x2  
  102  11:11  Pylon  
  102  11:24  Nexus  
  102  11:29  Warp Prism, Probe x2  
  106  11:38  Robotics Bay  
  106  11:41  Probe  
  106  11:44  Probe  
  106  11:46  Pylon  
  108  11:53  Probe  
  108  11:54  Photon Cannon  
  109  11:56  Probe  
  110  12:06  Probe  
  110  12:07  Photon Cannon  
  111  12:09  Probe  
  111  12:13  Protoss Ground Weapons Level 2 (Chrono Boost)  
  112  12:19  Probe  
  112  12:21  Probe  
  114  12:28  Observer  
  112  12:33  Disruptor (Chrono Boost)  
  113  12:38  Dark Shrine  
  113  12:40  Observer  
  111  12:44  Stalker  
  111  12:45  Stalker  
  111  12:47  Stalker  
  117  12:54  Observer  
  117  12:59  Shield Battery  
  117  13:00  Disruptor (Chrono Boost)  
  120  13:12  Stalker x3  
  126  13:22  Robotics Facility  
  126  13:23  Probe  
  126  13:24  Probe x2  
  130  13:47  Gateway  
  130  13:49  Gateway, Dark Templar  
  130  13:52  Dark Templar x2  
  133  13:56  Pylon  
  133  13:58  Pylon  
  133  14:01  Pylon  
  133  14:09  Disruptor  
  128  14:10  Disruptor  
  127  14:28  Shadow Stride (Chrono Boost)  
  117  14:32  Protoss Ground Weapons Level 3 (Chrono Boost)  
  117  14:36  Stalker x3, Probe  
  117  14:37  Probe x2  
  118  14:38  Assimilator  
  118  14:39  Assimilator  
  118  14:42  Gateway  
  118  14:45  Gateway  
  116  14:49  Probe  
  116  14:50  Dark Templar  
  119  14:53  Disruptor (Chrono Boost)  
  118  15:14  Disruptor (Chrono Boost)  
  118  15:17  Probe x3  
  118  15:20  Photon Cannon, Shield Battery  
  121  15:22  Pylon  
  121  15:24  Stalker x3, Shield Battery  
  121  15:26  Disruptor (Chrono Boost)  
  118  15:43  Disruptor (Chrono Boost)  
  118  15:49  Nexus, Pylon  
  122  15:50  Probe  
  122  15:53  Probe  
  122  15:54  Probe  
  124  16:02  Probe, Disruptor (Chrono Boost)  
  128  16:17  Disruptor (Chrono Boost)  
  129  16:18  Dark Templar  
  131  16:26  Stalker x5  
  131  16:29  Probe  
  131  16:30  Probe  
  143  16:34  Photon Cannon  
  133  16:48  Shield Battery  
  133  16:49  Assimilator  
  133  16:53  Assimilator  
  133  16:59  Stalker x3  
  133  17:00  Stalker x2  
  134  17:13  Photon Cannon  
  134  17:15  Pylon  
  134  17:26  Probe x2  
  134  17:27  Probe  
  134  17:28  Observer  
  134  17:29  Gravitic Boosters (Chrono Boost)  
  137  17:34  Stalker x4  
  145  17:41  Probe x4  
  143  18:01  Stalker x4  
  143  18:02  Stalker  
  136  18:27  Stalker x5  
  136  18:28  Stalker x2  
  136  18:29  Disruptor x2  
Show
View Real Time Build Order
Export as new Build Order

Has Protoss 

Build Orders: Blink Stalkers 

Get SALT Encoding   

  12  0:00  Probe  
  13  0:12  Probe  
  14  0:19  Pylon  
  14  0:24  Probe (Chrono Boost)  
  15  0:39  Probe (Chrono Boost)  
  15  0:41  Gateway  
  16  0:44  Probe (Chrono Boost)  
  17  0:51  Assimilator  
  17  0:55  Probe (Chrono Boost)  
  17  0:56  Assimilator  
  18  1:07  Probe (Chrono Boost)  
  18  1:10  Pylon  
  19  1:14  Probe (Chrono Boost)  
  20  1:21  Probe  
  21  1:28  Cybernetics Core  
  21  1:33  Probe  
  21  1:37  Zealot  
  24  1:45  Probe  
  25  1:49  Pylon  
  25  1:57  Probe  
  26  2:04  Stalker (Chrono Boost)  
  26  2:06  Warp Gate  
  28  2:10  Probe  
  30  2:25  Stalker  
  31  2:35  Robotics Facility  
  30  2:44  Pylon  
  30  2:51  Nexus  
  30  2:54  Probe  
  31  3:03  Pylon  
  31  3:10  Twilight Council  
  31  3:17  Probe  
  32  3:22  Observer (Chrono Boost)  
  33  3:28  Gateway  
  33  3:30  Probe  
  34  3:45  Blink (Chrono Boost)  
  34  3:46  Shield Battery  
  35  3:50  Gateway  
  35  4:04  Immortal (Chrono Boost)  
  35  4:09  Sentry  
  38  4:21  Gateway  
  38  4:29  Stalker  
  40  4:33  Shield Battery  
  40  4:44  Sentry  
  42  4:47  Probe  
  41  4:53  Stalker  
  41  4:56  Probe  
  44  5:03  Probe  
  40  5:08  Stalker  
  40  5:09  Probe  
  39  5:19  Stalker  
  37  5:26  Gateway  
  36  5:33  Zealot  
  38  5:36  Cybernetics Core  
  38  5:47  Immortal (Chrono Boost)  
  40  5:55  Probe  
  41  6:10  Probe  
  42  6:14  Stalker x2  
  43  6:19  Pylon  
  43  6:25  Sentry  
  46  6:31  Pylon  
  45  6:38  Pylon  
  45  6:51  Immortal  
  45  6:55  Probe  
  49  7:12  Stalker x2  
  49  7:15  Immortal (Chrono Boost)  
  54  7:22  Pylon  
  54  7:28  Pylon  
  54  7:36  Pylon  
  54  7:46  Stalker x2  
  58  7:54  Observer  
  58  8:14  Observer  
  58  8:17  Nexus  
  58  8:20  Probe (Chrono Boost)  
  59  8:32  Probe (Chrono Boost)  
  60  8:38  Probe (Chrono Boost)  
  61  8:46  Probe  
  60  8:55  Observer  
  60  8:58  Probe  
  60  9:01  Pylon  
  61  9:04  Sentry x2  
  61  9:08  Sentry  
  67  9:11  Probe  
  68  9:24  Probe, Forge  
  69  9:34  Probe  
  70  9:44  Probe  
  71  9:53  Stalker x2  
  71  9:55  Stalker  
  75  10:00  Probe  
  75  10:07  Probe  
  77  10:13  Probe  
  75  10:17  Observer  
  74  10:22  Observer  
  74  10:24  Stalker x2  
  74  10:25  Probe  
  75  10:31  Protoss Ground Weapons Level 1 (Chrono Boost)  
  74  10:42  Probe (Chrono Boost)  
  75  10:43  Probe (Chrono Boost)  
  73  10:54  Probe (Chrono Boost)  
  73  10:55  Probe (Chrono Boost)  
  73  11:00  Robotics Bay  
  73  11:06  Probe (Chrono Boost)  
  73  11:07  Probe (Chrono Boost)  
  77  11:19  Probe (Chrono Boost)  
  77  11:22  Immortal  
  77  11:24  Probe (Chrono Boost)  
  77  11:26  Probe (Chrono Boost)  
  77  11:30  Probe (Chrono Boost)  
  79  11:33  Probe  
  79  11:35  Robotics Facility  
  80  11:42  Probe  
  81  11:49  Disruptor (Chrono Boost)  
  84  12:02  Stalker x2  
  84  12:03  Stalker  
  88  12:22  Immortal (Chrono Boost)  
  92  12:28  Disruptor (Chrono Boost)  
  90  12:44  Nexus  
  90  12:46  Pylon  
  90  12:49  Photon Cannon  
  89  12:53  Disruptor (Chrono Boost)  
  92  13:08  Protoss Ground Weapons Level 2 (Chrono Boost)  
  90  13:15  Immortal (Chrono Boost)  
  92  13:21  Pylon  
  93  13:27  Observer  
  93  13:39  Probe  
  94  13:42  Probe  
  94  13:45  Immortal (Chrono Boost)  
  94  13:47  Shield Battery  
  99  13:51  Probe  
  99  13:54  Probe, Charge (Chrono Boost)  
  101  13:57  Probe  
  102  14:03  Probe  
  102  14:04  Observer  
  101  14:15  Zealot x3  
  105  14:18  Probe  
  105  14:21  Probe  
  107  14:28  Probe  
  107  14:30  Probe  
  100  14:33  Probe  
  100  14:35  Disruptor  
  100  14:40  Probe  
  100  14:42  Probe  
  100  14:45  Zealot x3, Probe  
  109  14:47  Photon Cannon  
  109  14:52  Photon Cannon, Probe  
  110  14:54  Probe  
  110  14:57  Probe  
  112  15:04  Probe  
  112  15:06  Probe  
  112  15:11  Probe  
  107  15:16  Zealot x3  
  107  15:17  Disruptor  
  107  15:19  Probe  
  118  15:24  Observer  
  118  15:25  Probe  
  118  15:28  Gateway  
  118  15:31  Gateway  
  114  15:38  Probe x2  
  112  15:43  Zealot  
  112  15:44  Zealot x2  
  112  15:47  Shield Battery  
  112  15:49  Pylon  
  118  15:56  Pylon  
  116  16:14  Stalker x3  
  118  16:32  Probe x2  
  120  16:37  Gateway x2  
  118  16:42  Zealot x5  
  118  17:09  Probe  
  118  17:10  Probe  
  118  17:11  Photon Cannon  
  118  17:16  Assimilator  
  118  17:17  Zealot x5, Assimilator  
  128  17:26  Photon Cannon  
  128  17:27  Shield Battery  
  128  17:38  Photon Cannon  
  128  17:42  Observer  
  129  17:46  Nexus, Pylon  
  129  17:47  Zealot x6  
  129  17:51  Nexus  
  140  18:09  Pylon x2  
  118  18:20  Zealot x7  
  118  18:24  Disruptor  
  115  18:41  Zealot x6  
Tags
 
Add a new tag
Caveats
  • Supply blocks, unpowered buildings, or Contaminate may cause inaccurate times.
  • Supply counts are checked every 10 seconds.